PA
YELLOWKNIFE DRAGONBLOOD @ GWINNETT COUNTY BLACK CATS
07/28/2022
 
TOP OF THE 1ST
Yellowknife Dragonblood batting - Pitching for Gwinnett County Black Cats : RHP Horacio Pérez
Pitching: RHP Horacio Pérez
Batting: SHB Mitch Qualtrough 0-0: Ground out 3-1 (Groundball, 34)
Batting: RHB Ángel Arroyo 0-0: Ball
1-0: SINGLE (Groundball, 56D)
Batting: RHB Jason Mann 0-0: Called Strike
0-1: Ball
1-1: Ball
2-1: Ball
3-1: Called Strike
3-2: Foul Ball, location: 2F
3-2: Fly out, F9 (Flyball, 89D)
Batting: RHB Rodriguo Condea 0-0: Ball
1-0: SINGLE (Groundball, 6M)
Ángel Arroyo to second
Batting: SHB Eugene Bentley 0-0: Called Strike
0-1: Swinging Strike
0-2: Ball
1-2: Ball
2-2: Strikes out looking
Top of the 1st over - 0 run(s), 2 hit(s), 0 error(s), 2 left on base; Yellowknife 0 - Gwinnett County 0
BOTTOM OF THE 1ST
Gwinnett County Black Cats batting - Pitching for Yellowknife Dragonblood : RHP Josué Giannotti
Pitching: RHP Josué Giannotti
Batting: RHB Arturo Maldonado 0-0: Foul Ball, location: 2F
0-1: Foul Ball, location: 2F
0-2: Strikes out looking
Batting: LHB Kent Roberts 0-0: Ball
1-0: Foul Ball, location: 2F
1-1: Ball
2-1: Foul Ball, location: 2F
2-2: Ball
3-2: Fly out, F4 (Line Drive, 4)
Batting: RHB Vicente Espinoza 0-0: Called Strike
0-1: Ball
1-1: Swinging Strike
1-2: Ground out 5-3 (Groundball, 5S)
Bottom of the 1st over - 0 run(s), 0 hit(s), 0 error(s), 0 left on base; Yellowknife 0 - Gwinnett County 0
TOP OF THE 2ND
Yellowknife Dragonblood batting - Pitching for Gwinnett County Black Cats : RHP Horacio Pérez
Batting: RHB Tomás Martínez 0-0: Ground out 5-3 (Groundball, 5)
Batting: LHB Gonzalo Álvarez 0-0: Called Strike
0-1: Swinging Strike
0-2: Strikes out swinging
Batting: RHB Sacha Nieuwenburg 0-0: Ball
1-0: Foul Ball, location: 2F
1-1: Foul Ball, location: 2F
1-2: SINGLE (Line Drive, 6D)
Batting: RHB Lloyd Walsh 0-0: Ball
1-0: Ball
2-0: Called Strike
2-1: SINGLE (Groundball, 6MD)
Sacha Nieuwenburg to second
Batting: SHB Mitch Qualtrough 0-0: Foul Ball, location: 2F
0-1: DOUBLE (Flyball, 8RM)
Sacha Nieuwenburg scores
Lloyd Walsh to third
Runner from 3rd tries for Home, SAFE, no throw or cutoff
Batting: RHB Ángel Arroyo 0-0: Ball
1-0: Fly out, F9 (Flyball, 9M)
Top of the 2nd over - 2 run(s), 3 hit(s), 0 error(s), 1 left on base; Yellowknife 2 - Gwinnett County 0
BOTTOM OF THE 2ND
Gwinnett County Black Cats batting - Pitching for Yellowknife Dragonblood : RHP Josué Giannotti
Batting: RHB Orlando Sánchez 0-0: Foul Ball, location: 2F
0-1: Foul Ball, location: 2F
0-2: Ball
1-2: Ball
2-2: Fly out, F7 (Flyball, 78D)
Batting: RHB Ghislain Vespucci 0-0: Called Strike
0-1: Foul Ball, location: 2F
0-2: Ground out 4-3 (Groundball, 4M)
Batting: RHB John Townsend 0-0: Ground out 5-3 (Groundball, 5S)
Bottom of the 2nd over - 0 run(s), 0 hit(s), 0 error(s), 0 left on base; Yellowknife 2 - Gwinnett County 0
TOP OF THE 3RD
Yellowknife Dragonblood batting - Pitching for Gwinnett County Black Cats : RHP Horacio Pérez
Batting: RHB Jason Mann 0-0: Ball
1-0: Ball
2-0: Foul Ball, location: 2F
2-1: Ground out 6-3 (Groundball, 6)
Batting: RHB Rodriguo Condea 0-0: Ball
1-0: Ground out 5-3 (Groundball, 5S)
Batting: SHB Eugene Bentley 0-0: Called Strike
0-1: Ball
1-1: Ground out 3-1 (Groundball, 34S)
Top of the 3rd over - 0 run(s), 0 hit(s), 0 error(s), 0 left on base; Yellowknife 2 - Gwinnett County 0
BOTTOM OF THE 3RD
Gwinnett County Black Cats batting - Pitching for Yellowknife Dragonblood : RHP Josué Giannotti
Batting: RHB Ernesto Fernández 0-0: Ground out 5-3 (Groundball, 5S)
Batting: RHB Roberto Aguilar 0-0: Ball
1-0: Called Strike
1-1: Called Strike
1-2: Strikes out looking
Batting: RHB Aaron Taylor 0-0: Ball
1-0: Ground out 1-3 (Groundball, 13)
Bottom of the 3rd over - 0 run(s), 0 hit(s), 0 error(s), 0 left on base; Yellowknife 2 - Gwinnett County 0
TOP OF THE 4TH
Yellowknife Dragonblood batting - Pitching for Gwinnett County Black Cats : RHP Horacio Pérez
Batting: RHB Tomás Martínez 0-0: Ball
1-0: Ball
2-0: DOUBLE (Line Drive, 7LM)
Batting: LHB Gonzalo Álvarez 0-0: Ball
1-0: Called Strike
1-1: Ball
2-1: Swinging Strike
2-2: Strikes out swinging
Batting: RHB Sacha Nieuwenburg 0-0: Called Strike
0-1: Swinging Strike
0-2: Strikes out swinging
Batting: RHB Lloyd Walsh 0-0: Fly out, F9 (Flyball, 9LS)
Top of the 4th over - 0 run(s), 1 hit(s), 0 error(s), 1 left on base; Yellowknife 2 - Gwinnett County 0
BOTTOM OF THE 4TH
Gwinnett County Black Cats batting - Pitching for Yellowknife Dragonblood : RHP Josué Giannotti
Batting: RHB Arturo Maldonado 0-0: Ball
1-0: Ground out 5-3 (Groundball, 56)
Batting: LHB Kent Roberts 0-0: Called Strike
0-1: Ground out U3 (Groundball, 3)
Batting: RHB Vicente Espinoza 0-0: Swinging Strike
0-1: Foul Ball, location: 2F
0-2: SINGLE (Line Drive, 6M)
Batting: RHB Orlando Sánchez 0-0: Called Strike
0-1: Ball
1-1: TRIPLE (Line Drive, 5L)
Vicente Espinoza scores
Batting: RHB Ghislain Vespucci 0-0: Ground out 6-3 (Groundball, 6)
Bottom of the 4th over - 1 run(s), 2 hit(s), 0 error(s), 1 left on base; Yellowknife 2 - Gwinnett County 1
TOP OF THE 5TH
Yellowknife Dragonblood batting - Pitching for Gwinnett County Black Cats : RHP Horacio Pérez
Batting: SHB Mitch Qualtrough 0-0: Called Strike
0-1: Foul Ball, location: 2F
0-2: Strikes out swinging
Batting: RHB Ángel Arroyo 0-0: Ground out 3-1 (Groundball, 34)
Batting: RHB Jason Mann 0-0: Ball
1-0: Fly out, F6 (Popup, 5D)
Top of the 5th over - 0 run(s), 0 hit(s), 0 error(s), 0 left on base; Yellowknife 2 - Gwinnett County 1
BOTTOM OF THE 5TH
Gwinnett County Black Cats batting - Pitching for Yellowknife Dragonblood : RHP Josué Giannotti
Batting: RHB John Townsend 0-0: Swinging Strike
0-1: Ball
1-1: Ball
2-1: Fly out, F3 (Popup, 3F)
Batting: RHB Ernesto Fernández 0-0: Ball
1-0: Ball
2-0: Foul Ball, location: 2F
2-1: Ball
3-1: DOUBLE (Line Drive, 7D)
Batting: RHB Roberto Aguilar 0-0: Called Strike
0-1: Ball
1-1: Called Strike
1-2: Strikes out swinging
Batting: RHB Aaron Taylor 0-0: Foul Ball, location: 2F
0-1: Called Strike
0-2: Ball
1-2: Ball
2-2: Fly out, F7 (Flyball, 78M)
Bottom of the 5th over - 0 run(s), 1 hit(s), 0 error(s), 1 left on base; Yellowknife 2 - Gwinnett County 1
TOP OF THE 6TH
Yellowknife Dragonblood batting - Pitching for Gwinnett County Black Cats : RHP Horacio Pérez
Batting: RHB Rodriguo Condea 0-0: SINGLE (Flyball, 8LS)
Batting: SHB Eugene Bentley 0-0: Foul Ball, location: 2F
0-1: Foul Ball, location: 2F
0-2: Foul Ball, location: 2F
0-2: Ball
1-2: Ball
2-2: Ground out 5-3 (Groundball, 5S)
Rodriguo Condea to second
Batting: RHB Tomás Martínez 0-0: Ground out 5-3 (Groundball, 5)
Batting: LHB Gonzalo Álvarez 0-0: Called Strike
0-1: Called Strike
0-2: Ball
1-2: Strikes out looking
Top of the 6th over - 0 run(s), 1 hit(s), 0 error(s), 1 left on base; Yellowknife 2 - Gwinnett County 1
BOTTOM OF THE 6TH
Gwinnett County Black Cats batting - Pitching for Yellowknife Dragonblood : RHP Josué Giannotti
Batting: RHB Arturo Maldonado 0-0: Fly out, F9 (Flyball, 9S)
Batting: LHB Kent Roberts 0-0: Ball
1-0: Ball
2-0: Ball
3-0: Base on Balls
Batting: RHB Vicente Espinoza 0-0: Ball
Wild Pitch!
Kent Roberts to second
1-0: SINGLE (Groundball, 4MD)
Kent Roberts to third
Runner from 3rd tries for Home, SAFE, no throw or cutoff
Batting: RHB Orlando Sánchez 0-0: SINGLE (Line Drive, 78S)
Vicente Espinoza to second
Batting: RHB Ghislain Vespucci 0-0: Called Strike
0-1: DOUBLE (Line Drive, 5)
Vicente Espinoza scores
Orlando Sánchez to third
Batting: RHB John Townsend 0-0: Ball
1-0: Ball
2-0: Ball
3-0: Called Strike
3-1: Base on Balls
Batting: RHB Ernesto Fernández 0-0: Ball
1-0: Foul Ball, location: 2F
1-1: Foul Ball, location: 2F
1-2: Foul Ball, location: 2F
1-2: SINGLE (Line Drive, 56)
Orlando Sánchez scores
Ghislain Vespucci to third
John Townsend to second
Batting: RHB Roberto Aguilar 0-0: Called Strike
0-1: Fly out, F4 (Popup, 4D)
Batting: RHB Aaron Taylor 0-0: Ball
1-0: Ground out 5-3 (Groundball, 56S)
Bottom of the 6th over - 3 run(s), 4 hit(s), 0 error(s), 3 left on base; Yellowknife 2 - Gwinnett County 4
TOP OF THE 7TH
Yellowknife Dragonblood batting - Pitching for Gwinnett County Black Cats : RHP Horacio Pérez
Batting: RHB Sacha Nieuwenburg 0-0: Foul Ball, location: 2F
0-1: Ball
1-1: Foul Ball, location: 2F
1-2: Ball
2-2: Ball
3-2: Foul Ball, location: 2F
3-2: Ground out 5-3 (Groundball, 5L)
Batting: RHB Lloyd Walsh 0-0: Foul Ball, location: 2F
0-1: Ball
1-1: Called Strike
1-2: Ball
2-2: Ball
3-2: Foul Ball, location: 2F
3-2: Base on Balls
Batting: SHB Mitch Qualtrough 0-0: SINGLE (Line Drive, 89S)
Lloyd Walsh to second
Runner from 2nd tries for 3rd, OUT!
Mitch Qualtrough to second
Batting: RHB Ángel Arroyo 0-0: Foul Ball, location: 2F
0-1: Ball
1-1: Swinging Strike
1-2: Ball
2-2: Foul Ball, location: 2F
2-2: Strikes out swinging
Top of the 7th over - 0 run(s), 1 hit(s), 0 error(s), 1 left on base; Yellowknife 2 - Gwinnett County 4
BOTTOM OF THE 7TH
Gwinnett County Black Cats batting - Pitching for Yellowknife Dragonblood : RHP Josué Giannotti
Batting: RHB Arturo Maldonado 0-0: Ball
1-0: Ball
2-0: Fly out, F7 (Flyball, 7M)
Batting: LHB Kent Roberts 0-0: Ball
1-0: Fly out, F8 (Flyball, 8LM)
Batting: RHB Vicente Espinoza 0-0: Fly out, F6 (Popup, 6MD)
Bottom of the 7th over - 0 run(s), 0 hit(s), 0 error(s), 0 left on base; Yellowknife 2 - Gwinnett County 4
TOP OF THE 8TH
Yellowknife Dragonblood batting - Pitching for Gwinnett County Black Cats : RHP Horacio Pérez
Batting: RHB Jason Mann 0-0: SOLO HOME RUN (Line Drive, 78XD), Distance : 439 ft
Batting: RHB Rodriguo Condea 0-0: Ball
1-0: Called Strike
1-1: Swinging Strike
1-2: Ball
2-2: Strikes out swinging
Batting: SHB Eugene Bentley 0-0: Swinging Strike
0-1: Ball
1-1: Called Strike
1-2: Ball
2-2: Ball
3-2: SINGLE (Groundball, 4M)
Pinch Hitting: RHB Jim Unknown 0-0: Reached on error, E1 (Groundball, 25)
Eugene Bentley to second
Batting: LHB Gonzalo Álvarez 0-0: SINGLE (Line Drive, 6MD)
Eugene Bentley to third
Jim Unknown to second
Runner from 3rd tries for Home, SAFE, no throw or cutoff
Pinch Hitting: LHB Cisco Padilla 0-0: Swinging Strike
0-1: Ball
Jim Unknown is caught stealing 3rd base
Gonzalo Álvarez to second
1-1: Swinging Strike
1-2: Strikes out swinging
Top of the 8th over - 2 run(s), 3 hit(s), 1 error(s), 1 left on base; Yellowknife 4 - Gwinnett County 4
BOTTOM OF THE 8TH
Gwinnett County Black Cats batting - Pitching for Yellowknife Dragonblood : RHP Josué Giannotti
Now at 1B: Cisco Padilla
Now at 2B: Jim Unknown
Batting: RHB Orlando Sánchez 0-0: Ball
1-0: Ball
2-0: Ball
3-0: Base on Balls
Pitching: RHP Pedro Lara
Pinch Hitting: RHB Jim Unknown 0-0: Ball
Orlando Sánchez steals 2nd base
1-0: Intentional Walk
Batting: RHB John Townsend 0-0: Called Strike
0-1: Fielders Choice at 2nd, 1-6 (Groundball, 25)
Orlando Sánchez to third
Batting: RHB Ernesto Fernández 0-0: Called Strike
0-1: Ball
1-1: Ball
2-1: Foul Ball, location: 2F
2-2: Strikes out swinging
Batting: RHB Roberto Aguilar 0-0: Called Strike
0-1: Called Strike
0-2: Foul Ball, location: 2F
0-2: Ball
1-2: Ball
2-2: Strikes out swinging
Bottom of the 8th over - 0 run(s), 0 hit(s), 0 error(s), 2 left on base; Yellowknife 4 - Gwinnett County 4
TOP OF THE 9TH
Yellowknife Dragonblood batting - Pitching for Gwinnett County Black Cats : RHP Horacio Pérez
Pitching: RHP Eduardo Villa
Now at 2B: Jim Unknown
Pinch Hitting: LHB José Vargas 0-0: Ball
1-0: Ball
2-0: Foul Ball, location: 2F
2-1: Ball
3-1: Base on Balls
Batting: SHB Mitch Qualtrough 0-0: Bunted foul
0-1: Ball
1-1: Sac Bunt - play at second, runner OUT! 1-6
Pinch Hitting: RHB Roberto Vázquez 0-0: Ball
Mitch Qualtrough steals 2nd base
1-0: Called Strike
1-1: Ball
2-1: SINGLE (Line Drive, 7LS)
Mitch Qualtrough to third
Runner from 3rd tries for Home, throw and OUT!
Roberto Vázquez to second
Batting: RHB Jason Mann 0-0: Ball
Wild Pitch!
Roberto Vázquez to third
1-0: Fly out, F8 (Flyball, 8LM)
Top of the 9th over - 0 run(s), 1 hit(s), 0 error(s), 1 left on base; Yellowknife 4 - Gwinnett County 4
BOTTOM OF THE 9TH
Gwinnett County Black Cats batting - Pitching for Yellowknife Dragonblood : RHP Pedro Lara
Pitching: RHP Jim Unknown
Now at SS: Higino Malrasca
Now in CF: Roberto Vázquez
Pinch Hitting: RHB Gerardo Bramante 0-0: Ball
1-0: Foul Ball, location: 2F
1-1: SINGLE (Line Drive, 34D)
Pinch Runner at 1st Alfonso López:
Batting: RHB Arturo Maldonado 0-0: Called Strike
0-1: Bunt missed!
0-2: Fly out, F3 (Line Drive, 34S)
Batting: LHB Kent Roberts 0-0: Called Strike
0-1: Ball
1-1: Ball
2-1: Foul Ball, location: 2F
2-2: Ball
3-2: Foul Ball, location: 2F
3-2: SINGLE (Groundball, 34D)
Alfonso López to second
Runner from 2nd tries for 3rd, SAFE, throw made to third
Pinch Hitting: SHB Jim Unknown 0-0: Ball
1-0: Ball
2-0: Foul Ball, location: 2F
2-1: Called Strike
2-2: Fielders Choice at 2nd, 1-6 (Groundball, 25)
Batting: RHB Orlando Sánchez 0-0: Called Strike
0-1: Swinging Strike
0-2: Ball
1-2: Ball
2-2: Ball
3-2: Strikes out looking
Bottom of the 9th over - 0 run(s), 2 hit(s), 0 error(s), 2 left on base; Yellowknife 4 - Gwinnett County 4
TOP OF THE 10TH
Yellowknife Dragonblood batting - Pitching for Gwinnett County Black Cats : RHP Eduardo Villa
Now in LF: Jim Unknown
Now in CF: Alfonso López
Batting: RHB Rodriguo Condea 0-0: Foul Ball, location: 2F
0-1: Swinging Strike
0-2: Ball
1-2: Foul Ball, location: 2F
1-2: Foul Ball, location: 2F
1-2: SINGLE (Line Drive, 6D)
Batting: SHB Eugene Bentley 0-0: Ball
1-0: DOUBLE (Flyball, 7LM)
Rodriguo Condea to third
Batting: RHB Jim Unknown 0-0: Intentional Walk
Batting: LHB Gonzalo Álvarez 0-0: Called Strike
0-1: Foul Ball, location: 2F
0-2: Fly out, F9 (Flyball, 9D)
Runner from 3rd tags up, SCORES, no throw
Batting: LHB Cisco Padilla 0-0: Swinging Strike
0-1: Ball
1-1: Swinging Strike
1-2: Fly out, F9 (Flyball, 9D)
Runner from 2nd tags up, SAFE at 3rd, no throw
Batting: RHB Higino Malrasca 0-0: Called Strike
0-1: Fly out, F9 (Flyball, 9D)
Top of the 10th over - 1 run(s), 2 hit(s), 0 error(s), 2 left on base; Yellowknife 5 - Gwinnett County 4
BOTTOM OF THE 10TH
Gwinnett County Black Cats batting - Pitching for Yellowknife Dragonblood : RHP Jim Unknown
Now at C: Raúl Moreno
Batting: SHB Jim Unknown 0-0: Ball
1-0: Called Strike
1-1: Ball
2-1: Ball
3-1: Base on Balls
Batting: RHB John Townsend 0-0: Called Strike
0-1: Foul Ball, location: 2F
0-2: DOUBLE (Line Drive, 5L)
Jim Unknown to third
Batting: RHB Ernesto Fernández 0-0: Ball
1-0: Swinging Strike
1-1: Ground out 5-3 (Groundball, 5)
Batting: RHB Roberto Aguilar 0-0: Ball
1-0: Called Strike
1-1: Called Strike
1-2: Ball
2-2: Foul Ball, location: 2F
2-2: Strikes out looking
Batting: RHB Alfonso López 0-0: Ball
1-0: Called Strike
1-1: Ball
2-1: Fly out, F9 (Flyball, 89M)
Bottom of the 10th over - 0 run(s), 1 hit(s), 0 error(s), 2 left on base; Yellowknife 5 - Gwinnett County 4
This league is powered by Out of the Park Baseball, the baseball management simulation game for PC, Mac and Linux
Friday, April 15th, 2016 - OOTP Baseball 16.9 Build 39